 Dungeon Crawl Stone Soup version 0.15.0-14-g6bbbb5c (webtiles) character file.

22 tizzy the Chopper (level 2, 0/22 HPs)
             Began as a Demonspawn Gladiator on Sept 5, 2014.
             Succumbed to an adder's poison
             ... on Level 2 of the Dungeon.
             The game lasted 00:01:35 (857 turns).

tizzy the Chopper (Demonspawn Gladiator)             Turns: 857, Time: 00:01:35

HP   0/22        AC  6     Str 15      XL: 2   Next: 68%
MP   2/2         EV  9     Int  6 (9)  God:
Gold 67          SH  0     Dex 15      Spells:  0 memorised,  1 level left

rFire  . . .     SeeInvis .     a - +0 war axe
rCold  . . .     Clarity  +     m - +0 ring mail (curse)
rNeg   . . .     rCorr    .     (no shield)
rPois  .         rRot     .     c - +0 helmet
rElec  .         Spirit   .     (no cloak)
SustAb .         Warding  .     (no gloves)
rMut   .         Stasis   .     (no boots)
Gourm  .                        (no amulet)
MR     .....                    (no ring)
                                (no ring)

@: lethally poisoned, not resistant to hostile enchantments, very unstealthy
A: fangs 1, agile 1, clarity, demonic guardian 1
a: no special abilities


You were on level 2 of the Dungeon.
You were not hungry.

You visited 1 branch of the dungeon, and saw 2 of its levels.

You collected 67 gold pieces.

Inventory:

Hand weapons
 a - a +0 war axe (weapon)
Missiles
 d - a throwing net (quivered)
 i - 11 poisoned needles
Armour
 b - a +0 leather armour
 c - a +0 helmet (worn)
 m - a cursed +0 ring mail (worn)
Comestibles
 f - 3 bread rations
 j - 2 fruits
 p - a chunk of quokka flesh
 q - a royal jelly
Scrolls
 l - a scroll of identify {unknown}
 o - a scroll of random uselessness {unknown}
 r - a scroll of immolation {unknown}
Potions
 g - a potion of porridge


   Skills:
 - Level 2.0 Fighting
 * Level 3.6 Axes
 - Level 1.7 Throwing
 - Level 2.6 Dodging


You had one spell level left.
You didn't know any spells.

Dungeon Overview and Level Annotations

Branches:
Dungeon (2/15)

Altars:
Nemelex Xobeh


Innate Abilities, Weirdness & Mutations

A weak demonic guardian rushes to your aid.
You have very sharp teeth.
You are agile. (Dex +2)
You possess an exceptional clarity of mind.


Message History

You feel sick. The adder bites you.
* * * LOW HITPOINT WARNING * * *
The adder bites you.
* * * LOW HITPOINT WARNING * * *
Drink which item? (? for menu, Esc to quit)
You feel magically purged.
It was a potion of cancellation.
* * * LOW HITPOINT WARNING * * *
You feel sick. The adder closely misses you.
Drink which item? (? for menu, Esc to quit)
There was something very wrong with that liquid!
You feel dopey.
It was a potion of degeneration.
* * * LOW HITPOINT WARNING * * *
You feel sick. The adder bites you but does no damage.
Unknown command.
Drink which item? (? for menu, Esc to quit)
You feel extremely strange.
You feel agile.
Your thoughts seem clearer.
Your teeth lengthen and sharpen.
It was a potion of mutation.
You die...

#.....##.##########..
##...##.................
.##.####........###......
....# #........# #......#
...#####........# #......#
+#.....#........# #......#
.#.....#........# #......#
.#.....#........###......###
................@S.(.(......
.#.....#........###.####?...
.#.....########## #..# ...
.#.....# ##..##..## .#######
#........# .# #.........$#
.# #..).......# .#
##.(......## .# #....>...#


You could see an adder.

Vanquished Creatures
  A giant gecko (D:2)
  4 giant cockroaches (D:1)
  4 goblins
  2 hobgoblins
  A kobold (D:2)
  A quokka (D:2)
  A bat (D:2)
  2 giant newts
  4 rats
20 creatures vanquished.

Notes
Turn   | Place    | Note
--------------------------------------------------------------
     0 | D:1      | tizzy, the Demonspawn Gladiator, began the quest for the Orb.
     0 | D:1      | Reached XP level 1. HP: 16/16 MP: 1/1
   240 | D:1      | Reached skill level 3 in Axes
   310 | D:1      | Gained mutation: A weak demonic guardian rushes to your aid. [demonic ancestry]
   310 | D:1      | Reached XP level 2. HP: 22/22 MP: 2/2
   792 | D:2      | Found a sparkling altar of Nemelex Xobeh.
   855 | D:2      | HP: 1/22 [poisoned by an adder]
   857 | D:2      | Gained mutation: You are agile. (Dex +2) [potion of mutation]
   857 | D:2      | Gained mutation: You possess an exceptional clarity of mind. [potion of mutation]
   857 | D:2      | Gained mutation: You have very sharp teeth. [potion of mutation]
   857 | D:2      | Succumbed to an adder's poison

Action                   || total
-------------------------++-------
Melee: War axe           ||    72
Throw: Throwing net      ||     2
  Use: Potion            ||     4
